 Dungeon Crawl Stone Soup version 0.27.1-3-gb3d3a73c9e (webtiles) character file.

Game seed: 1738139083590244240

356 horus123 the Shield-Bearer (level 6, 0/38 HPs)
             Began as a Gargoyle Fighter on Oct 16, 2021.
             Slain by an iguana (8 damage)
             ... on level 4 of the Dungeon.
             The game lasted 00:10:18 (3882 turns).

horus123 the Shield-Bearer (Gargoyle Fighter)       Turns: 3882, Time: 00:10:19

Health: 0/38       AC: 13    Str: 22    XL:     6   Next: 63%
Magic:  7/7        EV:  8    Int:  8    God:
Gold:   190        SH:  9    Dex:  9    Spells: 5/7 levels left

rFire    . . .     SeeInvis .   k - +1 mace (protect)
rCold    . . .     Faith    .   c - +0 kite shield
rNeg     + . .     Spirit   .   b - +0 scale mail
rPois    ∞         Reflect  .   (no helmet)
rElec    +         Harm     .   j - +1 cloak
rCorr    .         Rampage  .   (no gloves)
Will     .....                  (no boots)
Stlth    ..........             (no amulet)
HPRegen  0.12/turn              l - ring of wizardry
MPRegen  0.10/turn              (no ring)

@: no status effects
A: sickness immunity, AC +4, negative energy resistance 1, electricity
resistance, torment resistance 1, petrification resistance
a: no special abilities


You were on level 4 of the Dungeon.
You visited 1 branch of the dungeon, and saw 4 of its levels.

You collected 190 gold pieces.

Inventory:

Hand Weapons
 a - a +0 flail
 k - a +1 mace of protection (weapon)
Armour
 b - a +0 scale mail (worn)
 c - a +0 kite shield (worn)
 i - a scarf of shadows
 j - a +1 cloak (worn)
Jewellery
 l - a ring of wizardry (left hand)
Scrolls
 f - 2 scrolls of teleportation
 g - a scroll of blinking
 o - a scroll of identify {unknown}
Potions
 d - a potion of ambrosia {unknown}
 e - a potion of lignification {unknown}
 h - a potion of invisibility
 n - 2 potions of curing {unknown}


   Skills:
 + Level 4.1 Fighting
 + Level 4.2 Maces & Flails
 + Level 4.2 Armour
 + Level 1.2 Dodging
 + Level 4.5 Shields
 * Level 1.0 Spellcasting
 * Level 0.9 Translocations


You had 5 spell levels left.
You knew the following spells:

 Your Spells              Type           Power      Damage    Failure   Level
a - Blink                 Tloc           N/A        N/A       82%         2

Your spell library contained the following spells:

 Spells                   Type           Power      Damage    Failure   Level
 Wereblood                Tmut           0%         N/A       90%         2
 Summon Forest            Summ/Tloc      0%         N/A       100%        5
 Dispersal                Tloc           0%         N/A       100%        6
 Summon Hydra             Summ           0%         N/A       100%        7
 Sublimation of Blood     Necr           Unusable   N/A       N/A         2

Dungeon Overview and Level Annotations

Branches:
Dungeon (4/15)
 Temple: D:4-7

Altars:
Kikubaaqudgha
Qazlal
Trog

Shops:
D:2 (*(=   D:3 [


Innate Abilities, Weirdness & Mutations

You are immune to sickness and miasma.
Your stone body is resilient. (AC +4)
You are immune to poison.
You resist negative energy. (rN+)
You are resistant to electric shocks. (rElec)
You are resistant to unholy torment.
You are immune to petrification.


Message History

Something hits you.
Found 2 fuming dark potions.
Something hits you but does no damage.
Found a club.
The iguana hisses menacingly.
Something hits you but does no damage. The iguana bites you.
You sock the iguana!
Your weapon exudes an aura of protection.
You kill the iguana!
Something hits you but does no damage.
Your Spellcasting skill increases to level 1!
You closely miss the iguana.
A kobold appears from thin air!
Reactivating autopickup.
The iguana bites you but does no damage.
You block the kobold's attack. The iguana bites you.
* * * LOW HITPOINT WARNING * * *
You hit the iguana.
The iguana is moderately wounded.
You block the kobold's attack. You block the iguana's attack.
The kobold hits you but does no damage.
You closely miss the iguana.
The iguana is moderately wounded.
You block the iguana's attack.
The kobold hits you from afar with a +0 trident.
* * * LOW HITPOINT WARNING * * *
The iguana barely misses you.
You completely miss the iguana.
The iguana is moderately wounded.
The kobold hits you but does no damage.
The iguana bites you but does no damage.
You block the kobold's attack.
You hit the iguana but do no damage.
Your weapon exudes an aura of protection.
The iguana is moderately wounded.
The iguana bites you but does no damage.
You block the kobold's attack.
Found 4 gold pieces.
The iguana bites you!
You die...

##.##.............#...
##......###............
##........##............
#..........#...####.#...
#..........#...# #####.
...........#Z..# ##
#..........#...#
#.........Z#...#.#..
#.....@lK.†.......#
#..........###.#.#..
#$.........# ##...
...........# #.#
#......!...# ##
#..........#
##........## ##....)...


You could see an iguana, a kobold and an adder skeleton.

Vanquished Creatures
  A phantom (D:4)
  A bullfrog zombie (D:4)
  Crazy Yiuf (D:2)
  An iguana (D:4)
  4 gnolls (D:4)
  6 adders
  A white imp (D:4)
  An ufetubus (D:4)
  A worm (D:3)
  4 dart slugs
  4 orcs (D:3)
  5 ball pythons
  4 bats
  4 endoplasms
  4 giant cockroaches
  3 goblins
  5 hobgoblins
  3 jackals (D:1)
  5 kobolds
  4 quokkas
  8 frilled lizards
  5 rats
75 creatures vanquished.

Vanquished Creatures (collateral kills)
  An orc priest (D:3)
1 creature vanquished.

Vanquished Creatures (others)
  A plant (D:1)
1 creature vanquished.

Grand Total: 77 creatures vanquished

Notes
Turn   | Place    | Note
-------+----------+-------------------------------------------
     0 | D:1      | horus123 the Gargoyle Fighter began the quest for the Orb.
     0 | D:1      | Reached XP level 1. HP: 14/14 MP: 1/1
    91 | D:1      | Reached XP level 2. HP: 12/19 MP: 2/2
   215 | D:1      | Got Sif Muna's Collected Works on the Compass
   334 | D:1      | Found a faded altar of an unknown god.
  1208 | D:2      | Found Iqeus's General Store.
  1245 | D:2      | Reached XP level 3. HP: 23/23 MP: 3/3
  1591 | D:2      | Reached XP level 4. HP: 29/29 MP: 4/4
  1631 | D:2      | Found Siaxai Xoenn's Antique Weapon Shop.
  1806 | D:2      | Found Teimisel's Jewellery Emporium.
  1816 | D:2      | Found an ancient bone altar of Kikubaaqudgha.
  1861 | D:2      | Found Efaed's Weapon Shoppe.
  1904 | D:2      | Found a runed translucent door.
  1905 | D:2      | Noticed Crazy Yiuf
  2183 | D:2      | Killed Crazy Yiuf
  2774 | D:3      | Found a stormy altar of Qazlal.
  2824 | D:3      | Found Ditasaej's Armour Shoppe.
  2887 | D:3      | Reached XP level 5. HP: 33/33 MP: 5/5
  2912 | D:3      | Found a bloodstained altar of Trog.
  3018 | D:3      | Reached skill level 1 in Dodging
  3076 | D:3      | Learned a level 2 spell: Blink
  3382 | D:4      | Noticed a phantom
  3393 | D:4      | Killed a phantom
  3394 | D:4      | Reached XP level 6. HP: 3/38 MP: 5/7
  3875 | D:4      | Reached skill level 1 in Spellcasting
  3882 | D:4      | Slain by an iguana

Illustrated notes

Levels and vault maps discovered:
D:1:      beargit_arrival_diablo_church, layout_basic,
          shapermc_ecumenical_altar_mp_urbaneastern, nrook_campfire
D:2:      layout_basic, serial_shops, shop, shop, nicolae_shop_trees, shop,
          basic_altar, uniq_crazy_yiuf_cottage
D:3:      layout_loops_ring, mainiacjoe_overflow_brackets,
          grunt_qazlal_sundering, serial_shops, shop, item_on_display_a
D:4:      minmay_spotlight, layout_rooms,
          nicolae_uskayaw_murder_on_the_dancefloor, nicolae_shop_self_help

Skill      XL: |  1  2  3  4  5  6 |
---------------+-------------------+-----
Maces & Flails | 3 4 |  4.2
Armour         | 4 |  4.2
Shields        | 4 |  4.5
Dodging        | 1 |  1.2
Fighting       | 4 |  4.1
Spellcasting   | 1 |  1.0
Translocations | |  0.9

Action                   |  1- 3 |  4- 6 || total
-------------------------+-------+-------++-------
Melee: Flail             |   110 |    41 ||   151
       Mace              |       |   148 ||   148
  Use: Scroll            |     2 |     5 ||     7
       Potion            |       |     1 ||     1
Armor: Scale mail        |    56 |   138 ||   194
Dodge: Dodged            |    44 |    66 ||   110
Block: Kite shield       |    56 |   132 ||   188
